 Dungeon Crawl Stone Soup version 0.17-a0-1651-gae1a69f (webtiles) character file.

1139 matakusis the Ducker (level 8, -2/61 HPs)
             Began as a Demonspawn Gladiator on Aug 15, 2015.
             Slain by an orc warrior
             ... wielding a +0 hand axe
              (12 damage)
             ... on level 6 of the Dungeon.
             The game lasted 00:17:23 (5710 turns).

matakusis the Ducker (Demonspawn Gladiator)         Turns: 5710, Time: 00:17:23

Health: -2/61      AC:  6    Str: 18    XL:     8   Next: 14%
Magic:  0/8        EV: 15    Int:  9    God:
Gold:   217        SH:  0    Dex: 14    Spells: 0 memorised, 7 levels left

rFire  + . .     SeeInvis .     w - +0 hand axe (freeze)
rCold  . . .     Clarity  .     b - +1 leather armour
rNeg   . . .     SustAt   .     (no shield)
rPois  .         Gourm    +     (helmet restricted)
rElec  +         Spirit   +     (no cloak)
rCorr  .         Warding  .     (no gloves)
rMut   .         Stasis   .     (no boots)
MR     +....                    p - amulet of the gourmand
Stlth  +.........               q - ring of Luasuuke {rElec rF+}
                                m - ring of protection from magic

@: somewhat resistant to hostile enchantments, very unstealthy
A: antennae 1, thin metallic scales 1, magic shield, rot immunity
a: no special abilities


You were on level 6 of the Dungeon.
You were very full.

You visited 1 branch of the dungeon, and saw 6 of its levels.

You collected 217 gold pieces.

Inventory:

Hand weapons
 w - a +0 hand axe of freezing (weapon)
Missiles
 d - 4 throwing nets (quivered)
Armour
 b - a +1 leather armour (worn)
Jewellery
 h - an uncursed ring of wizardry
 m - a ring of protection from magic (left hand)
 p - an amulet of the gourmand (around neck)
 q - the ring of Luasuuke (right hand) {rElec rF+}
   (You found it on level 4 of the Dungeon)

   [ring of protection from fire]

   It protects you from fire.
   It insulates you from electricity.
Magical devices
 a - a wand of flame (27)
 g - a wand of frost (31)
 s - a wand of paralysis (13)
Scrolls
 i - a scroll of enchant weapon
 n - 3 scrolls of teleportation
 o - a scroll of enchant armour
 u - 2 scrolls of identify
Potions
 f - a potion of magic
 r - a potion of resistance
Comestibles
 e - 4 bread rations
 j - a slice of pizza
 l - 3 meat rations


   Skills:
 + Level 4.4 Fighting
 + Level 5.4 Axes
 + Level 1.8 Throwing
 + Level 3.3 Armour
 + Level 5.9 Dodging


You had 7 spell levels left.
You didn't know any spells.

Dungeon Overview and Level Annotations

Branches:
Dungeon (6/15)
 Temple: D:4-7

Altars:
Makhleb

Shops:
D:5 ?


Innate Abilities, Weirdness & Mutations

You have a pair of small antennae on your head.
You are partially covered in thin metallic scales (AC +2).
When hurt, damage is shared between your health and your magic reserves.
You are immune to rotting.


Message History

You hit the orc warrior. You freeze the orc warrior.
The orc warrior is moderately wounded.
The orc warrior completely misses you.
You closely miss the orc warrior.
The orc warrior is moderately wounded.
The orc warrior hits you but does no damage.
You slash the orc warrior! You freeze the orc warrior.
The orc warrior is heavily wounded.
The orc warrior hits you with a hand axe!
* * * LOW HITPOINT WARNING * * *
You hit the orc warrior. You freeze the orc warrior.
The orc warrior is severely wounded.
The orc warrior closely misses you.
You hit the orc warrior. You freeze the orc warrior.
The orc warrior is almost dead.
The orc warrior closely misses you.
You closely miss the orc warrior.
The orc warrior is almost dead.
The orc warrior hits you with a hand axe!
You die...

########+#.#
..............#
..............#
$.............#
..............#
..............#
..............#
......†))....<#
.......o@.....#
###############


You could see an orc warrior.

Vanquished Creatures
  A hippogriff (D:5)
  An ice beast (D:5)
  2 centaurs
  2 scorpions
  3 hounds
  2 orc priests
  4 orc wizards
  An iguana (D:4)
  4 worker ants
  A hound skeleton (D:5)
  2 river rats (D:5)
  7 adders
  6 gnolls
  2 shadow imps (D:5)
  2 oozes
  An adder skeleton (D:4)
  3 worms
  4 giant geckos
  23 orcs
  3 ball pythons
  6 bats
  10 giant cockroaches
  4 hobgoblins
  8 jackals
  2 giant newts (D:3)
  10 goblins
  4 kobolds
  A quokka (D:5)
  7 rats
126 creatures vanquished.

Notes
Turn   | Place    | Note
--------------------------------------------------------------
     0 | D:1      | matakusis the Demonspawn Gladiator began the quest for the Orb.
     0 | D:1      | Reached XP level 1. HP: 16/16 MP: 1/1
   308 | D:1      | Reached skill level 3 in Dodging
   346 | D:1      | Gained mutation: You are partially covered in thin metallic scales (AC +2). [demonic ancestry]
   346 | D:1      | Reached XP level 2. HP: 20/22 MP: 2/2
   818 | D:2      | Found a burning altar of Makhleb.
   906 | D:2      | Reached XP level 3. HP: 27/27 MP: 3/3
  1601 | D:3      | Reached XP level 4. HP: 32/34 MP: 4/4
  1616 | D:3      | Reached skill level 1 in Armour
  1709 | D:3      | Noticed a centaur
  1765 | D:3      | Killed a centaur
  1765 | D:3      | Gained mutation: When hurt, damage is shared between your health and your magic reserves. [demonic ancestry]
  1765 | D:3      | Reached XP level 5. HP: 8/40 MP: 5/5
  1882 | D:3      | Reached skill level 4 in Dodging
  2516 | D:3      | Paralysed by a kobold for 3 turns
  3111 | D:4      | Gained mutation: You are immune to rotting. [demonic ancestry]
  3111 | D:4      | Reached XP level 6. HP: 38/47 MP: 6/6
  3271 | D:4      | Got a scorched silver ring
  3272 | D:4      | Identified the ring of Luasuuke {rElec rF+} (You found it on level 4 of the Dungeon)
  3782 | D:5      | Entered Level 5 of the Dungeon
  3816 | D:5      | Reached XP level 7. HP: 45/52 MP: 4/7
  4358 | D:5      | Noticed a hippogriff
  4378 | D:5      | Killed a hippogriff
  4378 | D:5      | Reached skill level 5 in Axes
  4378 | D:5      | Reached skill level 5 in Dodging
  4924 | D:5      | Found Hoskipsi's Magic Scroll Shop.
  5169 | D:5      | Gained mutation: You have a pair of small antennae on your head. [demonic ancestry]
  5169 | D:5      | Reached XP level 8. HP: 5/60 MP: 1/8
  5710 | D:6      | Slain by an orc warrior

Vault maps used:
D:1:      dpeg_arrival_castle
D:2:      first_bread, bloody_makhleb
D:4:      eino_small_chamber_without_monster, feat_on_display
D:5:      serial_shops, shop, portal_sewer_entry_e
D:6:      temple_pool_b

Action                   |  1- 3 |  4- 6 |  7- 9 || total
-------------------------+-------+-------+-------++-------
Melee: War axe           |    95 |   170 |   112 ||   377
       Hand axe          |       |       |    84 ||    84
  Use: Scroll            |     5 |     6 |     3 ||    14
       Potion            |       |     3 |     4 ||     7
 Stab: Sleeping          |     1 |       |       ||     1
  Eat: Chunk             |    16 |     7 |     5 ||    28
